[gd_scene load_steps=29 format=2]

[ext_resource path="res://entities/storm/storm.gd" type="Script" id=1]
[ext_resource path="res://entities/storm/storm_layer.tscn" type="PackedScene" id=2]

[sub_resource type="VisualShaderNodeScalarUniform" id=1]
uniform_name = "DustMultiplier"

[sub_resource type="VisualShaderNodeVectorDecompose" id=2]

[sub_resource type="VisualShaderNodeVectorCompose" id=3]

[sub_resource type="VisualShaderNodeInput" id=4]
input_name = "uv"

[sub_resource type="VisualShaderNodeTextureUniform" id=5]
uniform_name = "AlphaTexture"
texture_type = 1

[sub_resource type="VisualShaderNodeScalarOp" id=6]
default_input_values = [ 0, 2.0, 1, 4.0 ]
operator = 2

[sub_resource type="VisualShaderNodeColorUniform" id=7]
uniform_name = "Color"

[sub_resource type="VisualShader" id=8]
code = "shader_type spatial;
render_mode cull_front, unshaded, shadows_disabled, ambient_light_disabled;

uniform vec4 Color : hint_color;
uniform float DustMultiplier;
uniform sampler2D AlphaTexture : hint_albedo;



void vertex() {
// Output:0

}

void fragment() {
// ColorUniform:9
	vec3 n_out9p0 = Color.rgb;
	float n_out9p1 = Color.a;

// ScalarUniform:10
	float n_out10p0 = DustMultiplier;

// Input:6
	vec3 n_out6p0 = vec3(UV, 0.0);

// TextureUniform:7
	vec3 n_out7p0;
	float n_out7p1;
	{
		vec4 n_tex_read = texture(AlphaTexture, n_out6p0.xy);
		n_out7p0 = n_tex_read.rgb;
		n_out7p1 = n_tex_read.a;
	}

// VectorDecompose:4
	float n_out4p0 = n_out7p0.x;
	float n_out4p1 = n_out7p0.y;
	float n_out4p2 = n_out7p0.z;

// VectorCompose:5
	float n_in5p1 = 0.00000;
	float n_in5p2 = 0.00000;
	vec3 n_out5p0 = vec3(n_out4p1, n_in5p1, n_in5p2);

// ScalarOp:8
	float n_out8p0 = n_out10p0 * dot(n_out5p0, vec3(0.333333, 0.333333, 0.333333));

// Output:0
	ALBEDO = n_out9p0;
	ALPHA = n_out8p0;

}

void light() {
// Output:0

}
"
modes/cull = 1
flags/ambient_light_disabled = true
flags/shadows_disabled = true
flags/unshaded = true
nodes/fragment/0/position = Vector2( 980, 60 )
nodes/fragment/4/node = SubResource( 2 )
nodes/fragment/4/position = Vector2( 280, 200 )
nodes/fragment/5/node = SubResource( 3 )
nodes/fragment/5/position = Vector2( 540, 180 )
nodes/fragment/6/node = SubResource( 4 )
nodes/fragment/6/position = Vector2( 40, 80 )
nodes/fragment/7/node = SubResource( 5 )
nodes/fragment/7/position = Vector2( 60, 240 )
nodes/fragment/8/node = SubResource( 6 )
nodes/fragment/8/position = Vector2( 740, 240 )
nodes/fragment/9/node = SubResource( 7 )
nodes/fragment/9/position = Vector2( 320, 60 )
nodes/fragment/10/node = SubResource( 1 )
nodes/fragment/10/position = Vector2( 460, 300 )
nodes/fragment/connections = PoolIntArray( 4, 1, 5, 0, 7, 0, 4, 0, 6, 0, 7, 0, 5, 0, 8, 1, 8, 0, 0, 1, 9, 0, 0, 0, 10, 0, 8, 0 )

[sub_resource type="OpenSimplexNoise" id=9]
period = 43.4
persistence = 0.681
lacunarity = 3.08

[sub_resource type="NoiseTexture" id=10]
width = 2048
height = 2048
seamless = true
noise = SubResource( 9 )

[sub_resource type="ShaderMaterial" id=11]
shader = SubResource( 8 )
shader_param/Color = Color( 1, 0.576471, 0.254902, 1 )
shader_param/DustMultiplier = 0.126
shader_param/AlphaTexture = SubResource( 10 )

[sub_resource type="SphereMesh" id=12]
radius = 115.0
height = 230.0
radial_segments = 32
rings = 16

[sub_resource type="VisualShader" id=13]
code = "shader_type spatial;
render_mode cull_front, unshaded, shadows_disabled, ambient_light_disabled;

uniform vec4 Color : hint_color;
uniform float DustMultiplier;
uniform sampler2D AlphaTexture : hint_albedo;



void vertex() {
// Output:0

}

void fragment() {
// ColorUniform:9
	vec3 n_out9p0 = Color.rgb;
	float n_out9p1 = Color.a;

// ScalarUniform:10
	float n_out10p0 = DustMultiplier;

// Input:6
	vec3 n_out6p0 = vec3(UV, 0.0);

// TextureUniform:7
	vec3 n_out7p0;
	float n_out7p1;
	{
		vec4 n_tex_read = texture(AlphaTexture, n_out6p0.xy);
		n_out7p0 = n_tex_read.rgb;
		n_out7p1 = n_tex_read.a;
	}

// VectorDecompose:4
	float n_out4p0 = n_out7p0.x;
	float n_out4p1 = n_out7p0.y;
	float n_out4p2 = n_out7p0.z;

// VectorCompose:5
	float n_in5p1 = 0.00000;
	float n_in5p2 = 0.00000;
	vec3 n_out5p0 = vec3(n_out4p1, n_in5p1, n_in5p2);

// ScalarOp:8
	float n_out8p0 = n_out10p0 * dot(n_out5p0, vec3(0.333333, 0.333333, 0.333333));

// Output:0
	ALBEDO = n_out9p0;
	ALPHA = n_out8p0;

}

void light() {
// Output:0

}
"
modes/cull = 1
flags/ambient_light_disabled = true
flags/shadows_disabled = true
flags/unshaded = true
nodes/fragment/0/position = Vector2( 980, 60 )
nodes/fragment/4/node = SubResource( 2 )
nodes/fragment/4/position = Vector2( 280, 200 )
nodes/fragment/5/node = SubResource( 3 )
nodes/fragment/5/position = Vector2( 540, 180 )
nodes/fragment/6/node = SubResource( 4 )
nodes/fragment/6/position = Vector2( 40, 80 )
nodes/fragment/7/node = SubResource( 5 )
nodes/fragment/7/position = Vector2( 60, 240 )
nodes/fragment/8/node = SubResource( 6 )
nodes/fragment/8/position = Vector2( 740, 240 )
nodes/fragment/9/node = SubResource( 7 )
nodes/fragment/9/position = Vector2( 320, 60 )
nodes/fragment/10/node = SubResource( 1 )
nodes/fragment/10/position = Vector2( 460, 300 )
nodes/fragment/connections = PoolIntArray( 4, 1, 5, 0, 7, 0, 4, 0, 6, 0, 7, 0, 5, 0, 8, 1, 8, 0, 0, 1, 9, 0, 0, 0, 10, 0, 8, 0 )

[sub_resource type="ShaderMaterial" id=14]
shader = SubResource( 13 )
shader_param/Color = Color( 0.560784, 0.282353, 0.0705882, 1 )
shader_param/DustMultiplier = 1.329
shader_param/AlphaTexture = SubResource( 10 )

[sub_resource type="VisualShaderNodeScalarUniform" id=15]
uniform_name = "DustMultiplier"

[sub_resource type="VisualShaderNodeVectorDecompose" id=16]

[sub_resource type="VisualShaderNodeVectorCompose" id=17]

[sub_resource type="VisualShaderNodeInput" id=18]
input_name = "uv"

[sub_resource type="VisualShaderNodeTextureUniform" id=19]
uniform_name = "AlphaTexture"
texture_type = 1

[sub_resource type="VisualShaderNodeScalarOp" id=20]
default_input_values = [ 0, 2.0, 1, 4.0 ]
operator = 2

[sub_resource type="VisualShaderNodeColorUniform" id=21]
uniform_name = "Color"

[sub_resource type="VisualShader" id=22]
code = "shader_type spatial;
render_mode cull_front, unshaded, shadows_disabled, ambient_light_disabled;

uniform vec4 Color : hint_color;
uniform float DustMultiplier;
uniform sampler2D AlphaTexture : hint_albedo;



void vertex() {
// Output:0

}

void fragment() {
// ColorUniform:9
	vec3 n_out9p0 = Color.rgb;
	float n_out9p1 = Color.a;

// ScalarUniform:10
	float n_out10p0 = DustMultiplier;

// Input:6
	vec3 n_out6p0 = vec3(UV, 0.0);

// TextureUniform:7
	vec3 n_out7p0;
	float n_out7p1;
	{
		vec4 n_tex_read = texture(AlphaTexture, n_out6p0.xy);
		n_out7p0 = n_tex_read.rgb;
		n_out7p1 = n_tex_read.a;
	}

// VectorDecompose:4
	float n_out4p0 = n_out7p0.x;
	float n_out4p1 = n_out7p0.y;
	float n_out4p2 = n_out7p0.z;

// VectorCompose:5
	float n_in5p1 = 0.00000;
	float n_in5p2 = 0.00000;
	vec3 n_out5p0 = vec3(n_out4p1, n_in5p1, n_in5p2);

// ScalarOp:8
	float n_out8p0 = n_out10p0 * dot(n_out5p0, vec3(0.333333, 0.333333, 0.333333));

// Output:0
	ALBEDO = n_out9p0;
	ALPHA = n_out8p0;

}

void light() {
// Output:0

}
"
modes/cull = 1
flags/ambient_light_disabled = true
flags/shadows_disabled = true
flags/unshaded = true
nodes/fragment/0/position = Vector2( 980, 60 )
nodes/fragment/4/node = SubResource( 16 )
nodes/fragment/4/position = Vector2( 280, 200 )
nodes/fragment/5/node = SubResource( 17 )
nodes/fragment/5/position = Vector2( 540, 180 )
nodes/fragment/6/node = SubResource( 18 )
nodes/fragment/6/position = Vector2( 40, 80 )
nodes/fragment/7/node = SubResource( 19 )
nodes/fragment/7/position = Vector2( 60, 240 )
nodes/fragment/8/node = SubResource( 20 )
nodes/fragment/8/position = Vector2( 740, 240 )
nodes/fragment/9/node = SubResource( 21 )
nodes/fragment/9/position = Vector2( 320, 60 )
nodes/fragment/10/node = SubResource( 15 )
nodes/fragment/10/position = Vector2( 460, 300 )
nodes/fragment/connections = PoolIntArray( 4, 1, 5, 0, 7, 0, 4, 0, 6, 0, 7, 0, 5, 0, 8, 1, 8, 0, 0, 1, 9, 0, 0, 0, 10, 0, 8, 0 )

[sub_resource type="ShaderMaterial" id=23]
shader = SubResource( 22 )
shader_param/Color = Color( 0.392157, 0.227451, 0.105882, 1 )
shader_param/DustMultiplier = 4.729
shader_param/AlphaTexture = SubResource( 10 )

[sub_resource type="SphereMesh" id=24]
material = SubResource( 23 )
radius = 120.0
height = 240.0
radial_segments = 32
rings = 16

[sub_resource type="SpatialMaterial" id=25]
flags_unshaded = true
params_cull_mode = 1
albedo_color = Color( 0.298039, 0.196078, 0.117647, 1 )

[sub_resource type="SphereMesh" id=26]
material = SubResource( 25 )
radius = 125.0
height = 250.0
radial_segments = 32
rings = 16

[node name="Storm" type="Spatial"]
script = ExtResource( 1 )

[node name="StormLayer1" parent="." instance=ExtResource( 2 )]
transform = Transform( 0.875674, 0.0262188, -0.482191, 0, 0.998525, 0.0542942, 0.482904, -0.047544, 0.874382, 0, 0, 0 )
cast_shadow = 0
use_in_baked_light = true
material/0 = SubResource( 11 )

[node name="StormLayer2" parent="." instance=ExtResource( 2 )]
transform = Transform( 0.406687, -0.277579, -0.870376, 0, 0.952723, -0.30384, 0.913568, 0.123568, 0.387459, 0, 0, 0 )
mesh = SubResource( 12 )
material/0 = SubResource( 14 )

[node name="StormLayer3" parent="." instance=ExtResource( 2 )]
transform = Transform( 0.998515, 0.022641, 0.049556, 0, 0.909567, -0.41556, -0.0544832, 0.414943, 0.908215, 0, 0, 0 )
mesh = SubResource( 24 )
material/0 = null

[node name="MeshInstance" type="MeshInstance" parent="."]
transform = Transform( -0.62813, 0.599321, -0.496254, 0, 0.637768, 0.770229, 0.778109, 0.483803, -0.400602, 0, 0, 0 )
mesh = SubResource( 26 )
material/0 = null
